 Dungeon Crawl Stone Soup version 0.31-a0-833-gc15d34cb79 (webtiles) character file.

Game seed: 13687356411338984829

1136 adelrune the Ruffian (level 8, -3/112 HPs)
             Began as a Troll Shapeshifter on Sept 25, 2023.
             Slain by a gnoll
             ... wielding a +0 halberd
             ... led by a gnoll bouda
              (7 damage)
             ... on level 5 of the Dungeon.
             The game lasted 00:06:58 (2842 turns).

adelrune the Ruffian (Troll Shapeshifter)           Turns: 2842, Time: 00:06:59

Health: -3/112     AC: 24    Str: 25    XL:     8   Next: 14%
Magic:  7/7        EV:  1    Int:  6    God:
Gold:   262        SH:  0    Dex:  9    Spells: 7/7 levels left

rFire   . .          .
                       - Unarmed
rCold   . . .        (no shield)
rNeg    . . .        a - melded +0 animal skin
rPois   +            (helmet currently unavailable)
rElec   .            (cloak currently unavailable)
rCorr   .            (gloves unavailable)
SInv    .            (boots unavailable)
Will    .....        (no amulet)
Stlth   +            (no ring)
HPRegen 1.18/turn    (no ring)
MPRegen 0.10/turn

%: no passive effects
@: tree-form
A: stationary, stasis, torment immunity, boosted hp, large, unfitting armour,
(claws 3), regeneration 1, (shaggy fur 1), (tough skin 1)
a: no special abilities


You were on level 5 of the Dungeon.
You were a tree.
You visited 1 branch of the dungeon, and saw 5 of its levels.

You collected 262 gold pieces.

Inventory:

Hand Weapons
 b - a +0 sling
Missiles
 t - a throwing net
Armour
 a - a +0 animal skin (melded)
Talismans
 c - a beast talisman
 d - a flux talisman
 q - a maw talisman
Wands
 v - a wand of mindburst (11)
 w - a wand of polymorph (10)
Scrolls
 f - 3 scrolls of identify {unknown}
 g - 3 scrolls of silence
 j - a scroll of amnesia {unknown}
 l - a scroll of vulnerability {unknown}
 n - 2 scrolls of revelation {unknown}
 o - 2 scrolls of blinking {unknown}
 p - 4 scrolls of teleportation {unknown}
 r - a scroll of enchant weapon {unknown}
Potions
 e - a potion of curing {unknown}
 h - a potion of magic {unknown}
 i - a potion of haste {unknown}
 k - a potion of attraction {unknown}
 m - a potion of might {unknown}
 s - a potion of berserk rage {unknown}
 u - a potion of brilliance {unknown}


   Skills:
 + Level 3.5 Fighting
 + Level 3.8 Dodging
 * Level 6.8 Unarmed Combat
 + Level 4.9 Shapeshifting


You had 7 spell levels left.
You didn't know any spells.
Your spell library was empty.

Dungeon Overview and Level Annotations

Branches:
Dungeon (5/15)
 Temple: D:4-7

Altars:
Dithmenos
Elyvilon
Fedhas
Hepliaklqana
Trog
Vehumet
Wu Jian
The Shining One

Shops:
D:4 [


Innate Abilities, Weirdness & Mutations

You are a tree.
Your roots penetrate the ground, keeping you stationary.
You cannot be teleported.
You are immune to unholy pain and torment.
Your maximum health is greatly increased.
Your equipment is partially melded.
You are too large for most types of armour.
((You have claws for hands.))
Your natural rate of healing is unusually fast.
((You are covered in fur. (AC +1)))
((You have tough skin. (AC +1)))


Message History

The gnoll bouda barely misses you. The gnoll misses you.
You scratch the gnoll bouda.
The gnoll bouda is heavily wounded.
The gnoll hits you from afar with a +0 halberd.
The gnoll bouda hits you with a +0 club!
You claw the gnoll bouda!
The gnoll bouda is almost dead.
The gnoll hits you from afar with a +0 halberd.
The gnoll bouda mumbles some strange prayers to its god.
The gnoll bouda is healed somewhat.
You claw the gnoll bouda!
You kill the gnoll bouda!
The gnoll hits you from afar with a +0 halberd!
The gnoll attacks as it pursues you! The gnoll hits you with a +0 flail!
The gnoll closely misses you. The gnoll hits you with a +0 flail.
The gnoll hits you with a +0 flail! The gnoll attacks as it pursues you!
The gnoll closely misses you. The gnoll attacks as it pursues you!
The gnoll hits you but does no damage. The gnoll misses you.
The gnoll attacks as it pursues you! The gnoll closely misses you.
The gnoll hits you from afar with a +0 halberd.
The gnoll hits you with a +0 flail.
The gnoll is no longer moving quickly. x3; The gnoll attacks as it pursues you!
The gnoll hits you with a +0 flail!
* * * LOW HITPOINT WARNING * * *
The gnoll attacks as it pursues you!
The gnoll hits you from afar with a +0 spear.
* * * LOW HITPOINT WARNING * * *
The gnoll attacks as it pursues you! The gnoll hits you with a +0 flail.
* * * LOW HITPOINT WARNING * * *
Your transformation has ended.
You turn into a tree.
Your +0 animal skin melds into your body.
Your roots penetrate the ground.
The gnoll hits you from afar with a +0 halberd!
* * * LOW HITPOINT WARNING * * *
The gnoll hits you but does no damage. The gnoll hits you with a +0 flail!
* * * LOW HITPOINT WARNING * * *
The gnoll hits you from afar with a +0 halberd!
You die...

#.......#######
.##.......##....#
................#
................#
######...#######
#..##..g#
#....ggg#
#.....g.+
#.....♣.#
#.......#
#..##...##
##..##....#
......(....#
...........#
..##+###....# ..
#..†<# .......##


You could see 5 gnolls.

Vanquished Creatures
  Pikel (D:4)
  The ghost of Sundig the Shield-Bearer, an amateur DgFi (D:3)
  A sky beast (D:4)
  4 lemures (D:4)
  A scorpion (D:5)
  A howler monkey (D:4)
  A hound (D:5)
  A gnoll bouda (D:5)
  A jelly (D:5)
  Ijyb (D:4)
  An iguana (D:4)
  3 orc wizards (D:4)
  4 adders
  6 gnolls
  4 worms
  2 dart slugs
  8 orcs
  7 endoplasms
  3 giant cockroaches
  6 goblins
  8 hobgoblins
  5 kobolds (D:1)
  5 quokkas
  5 ball pythons
  3 bats
  4 frilled lizards
  7 rats
94 creatures vanquished.

Notes
Turn   | Place    | Note
-------+----------+-------------------------------------------
     0 | D:1      | adelrune the Troll Shapeshifter began the quest for the
                  | Orb.
     0 | D:1      | Reached XP level 1. HP: 18/18 MP: 0/0
    53 | D:1      | Reached skill level 1 in Fighting
    57 | D:1      | Reached XP level 2. HP: 27/27 MP: 1/1
   608 | D:2      | Reached XP level 3. HP: 33/33 MP: 2/2
  1339 | D:3      | Found an ornate altar of the Wu Jian Council.
  1453 | D:3      | Found a runed translucent door.
  1453 | D:3      | Noticed Sundig's ghost (amateur DgFi)
  1545 | D:3      | Reached XP level 4. HP: 41/41 MP: 3/3
  1643 | D:2      | Reached skill level 4 in Unarmed Combat
  1725 | D:3      | Noticed a shadow
  1728 | D:3      | Found a shadowy altar of Dithmenos.
  1729 | D:3      | Found a hazy altar of Hepliaklqana.
  1900 | D:3      | Killed Sundig's ghost
  1901 | D:3      | Reached XP level 5. HP: 49/49 MP: 4/4
  2000 | D:4      | Noticed a lemure
  2001 | D:4      | Noticed a lemure
  2035 | D:4      | Killed a lemure
  2041 | D:4      | Killed a lemure
  2072 | D:4      | Noticed a lemure
  2089 | D:4      | Killed a lemure
  2097 | D:4      | Noticed a lemure
  2107 | D:4      | Killed a lemure
  2109 | D:4      | Noticed Pikel
  2120 | D:4      | Killed Pikel
  2121 | D:4      | Reached skill level 5 in Unarmed Combat
  2121 | D:4      | Reached XP level 6. HP: 59/59 MP: 5/5
  2121 | D:4      | Reached XP level 7. HP: 66/66 MP: 6/6
  2199 | D:4      | Reached skill level 6 in Unarmed Combat
  2262 | D:4      | Found Kuriyx's Antique Armour Shop.
  2381 | D:4      | Noticed Ijyb
  2389 | D:4      | Killed Ijyb
  2446 | D:4      | Found a radiant altar of Vehumet.
  2448 | D:4      | Found a blossoming altar of Fedhas.
  2453 | D:4      | Found a glowing golden altar of the Shining One.
  2457 | D:4      | Found a bloodstained altar of Trog.
  2458 | D:4      | Found a white marble altar of Elyvilon.
  2728 | D:5      | Entered Level 5 of the Dungeon
  2757 | D:4      | Reached XP level 8. HP: 62/75 MP: 7/7
  2842 | D:5      | HP: 4/112 [gnoll/+0 flail[a gnoll bouda] (7)]
  2842 | D:5      | Slain by a gnoll

Illustrated notes

Levels and vault maps discovered:
D:1:      spicycebolla_arrival_xxxplode, layout_basic, minmay_misc_feat_roman,
          nicolae_twisty_statue_hallways
D:2:      layout_loops_ring, minmay_surrounded
D:3:      layout_loops_cross, riverfiend_overflow_shadow_ancestor,
          mainiacjoe_overflow_alcove_4, hellmonk_ghost_happy_afterlife,
          nicolae_grassy_gnolls
D:4:      layout_basic, minitemple, serial_shops, shop, uniq_pikel, uniq_ijyb
D:5:      layout_gridville, okawaru_metal_pillars_3,
          minmay_temple_entry_offerings, gammafunk_ghost_icy, uniq_menkaure

Skill      XL: |  1  2  3  4  5  6  7 |
---------------+----------------------+-----
Fighting       | 1 2 3 |  3.5
Dodging        | 2 3 |  3.8
Unarmed Combat | 4 5 6 |  6.8
Shapeshifting  | 4 |  4.9

Action                     |  1- 3 |  4- 6 |  7- 9 || total
---------------------------+-------+-------+-------++-------
  Melee: Unarmed           |   104 |    63 |    82 ||   249
         Punch             |     2 |     2 |     3 ||     7
   Fire: Sling             |       |       |     3 ||     3
    Use: Potion            |       |     2 |     1 ||     3
         Scroll            |       |       |     1 ||     1
   Stab: Sleeping          |     1 |       |       ||     1
 Armour: Animal skin       |    43 |    40 |    62 ||   145
         Skin              |       |    11 |     4 ||    15
  Dodge: Dodged            |    33 |    23 |    45 ||   101

Table legend: (Time is in decaauts)
 A = Elapsed time spent in this place.
 B = Non-inter-level travel time spent in this place.
 C = Inter-level travel time spent in this place.
 D = Time resting spent in this place.
 E = Time spent auto-exploring this place.
 F = Levels seen in this place.
 G = Mean time per level.
                   A        B        C        D        E       F      G
               +--------+--------+--------+--------+--------+-----+--------+
         Total |   2822 |   2744 |     78 |    154 |   1861 |   5 |  564.4 |
       Dungeon |   2822 |   2744 |     78 |    154 |   1861 |   5 |  564.4 |
               +--------+--------+--------+--------+--------+-----+--------+

Top non-repeatable levels by time:
     D:4: 761 daAuts
     D:3: 751 daAuts
     D:2: 649 daAuts
     D:1: 570 daAuts
     D:5: 89 daAuts
